 Dungeon Crawl Stone Soup version 0.31.0 (webtiles) character file.

Game seed: 17258496883705812593

188 inmateoo the Trooper (level 5, -11/42 HPs)
             Began as a Demonspawn Fighter on Jan 19, 2024.
             Mangled by an ogre
             ... wielding a +0 giant spiked club
              (24 damage)
             ... on level 4 of the Dungeon.
             The game lasted 00:01:46 (2376 turns).

inmateoo the Trooper (Demonspawn Fighter)           Turns: 2376, Time: 00:01:46

Health: -11/42     AC:  8    Str: 19    XL:     5   Next: 39%
Magic:  5/5        EV:  9    Int:  8    God:
Gold:   95         SH:  4    Dex: 12    Spells: 4/4 levels left

rFire   . . .        a - +0 trident
rCold   . . .        c - +0 buckler
rNeg    . . .        b - +0 scale mail
rPois   .            (no helmet)
rElec   .            (no cloak)
rCorr   .            (no gloves)
SInv    .            r - +0 pair of boots
Will    .....        p - amulet of regeneration Stlth
                     (no ring)
HPRegen 1.07/turn    (no ring)
MPRegen 0.09/turn

%: no passive effects
@: mighty
A: powered by pain 2
a: no special abilities


You were on level 4 of the Dungeon.
You visited 1 branch of the dungeon, and saw 4 of its levels.

You collected 95 gold pieces.

Inventory:

Hand Weapons
 a - a +0 trident (weapon)
Armour
 b - a +0 scale mail (worn)
 c - a +0 buckler (worn)
 r - a +0 pair of boots (worn)
Jewellery
 p - an amulet of regeneration (around neck)
Wands
 k - a wand of digging (5)
 n - a wand of flame (18)
Scrolls
 f - 3 scrolls of teleportation {unknown}
 g - a scroll of butterflies {unknown}
 h - a scroll of vulnerability {unknown}
 j - a scroll of identify {unknown}
 o - a scroll of poison {unknown}
 q - a scroll of fog {unknown}
 t - a scroll of revelation {unknown}
Potions
 d - a potion of might
 e - a potion of degeneration {unknown}
 i - 5 potions of curing {unknown}
 l - a potion of berserk rage {unknown}
 m - a potion of attraction {unknown}
 s - a potion of mutation {unknown}


   Skills:
 + Level 3.9 Fighting
 * Level 3.4 Polearms
 + Level 3.4 Armour
 + Level 3.4 Shields


You had 4 spell levels left.
You didn't know any spells.
Your spell library contained the following spells:

 Spells                   Type           Power      Damage    Failure   Level
 Magic Dart               Conj           0%         1d3       85%         1
 Searing Ray              Conj           0%         2d4       94%         2
 Fulminant Prism          Conj/Alch      0%         3d5       100%        4


Dungeon Overview and Level Annotations

Branches:
Dungeon (4/15)
 Temple: D:4-7

Altars:


Innate Abilities, Weirdness & Mutations

You sometimes gain power by taking damage.


Message History

The kobold is in the way.
You hit the kobold but do no damage. The kobold hits you but does no damage.
Reach: a) +0 trident
Press: ? - help, Dir - move target, f/p - ogre
Aim: an ogre, wielding a +0 giant spiked club (about 27% to evade your +0 trident)
You reach to attack!
You barely miss the ogre. You block the kobold's attack.
Reach: a) +0 trident
Press: ? - help, Dir - move target, f/p - ogre
Aim: an ogre, wielding a +0 giant spiked club (about 27% to evade your +0 trident)
The kobold is in the way.
You puncture the kobold!
You kill the kobold!
Reach: a) +0 trident
Press: ? - help, Dir - move target, f/p - ogre
Aim: an ogre, wielding a +0 giant spiked club (about 27% to evade your +0 trident)
You reach to attack!
You hit the ogre.
The ogre is lightly wounded.
The kobold hits you but does no damage.
Reach: a) +0 trident
Press: ? - help, Dir - move target, f/p - ogre
Aim: an ogre, wielding a +0 giant spiked club (lightly wounded, about 27% to evade your +0 trident)
The kobold is in the way.
You puncture the kobold!
You kill the kobold!
Reach: a) +0 trident
Press: ? - help, Dir - move target, f/p - ogre
Aim: an ogre, wielding a +0 giant spiked club (lightly wounded, about 27% to evade your +0 trident)
You hit the ogre but do no damage.
The ogre is lightly wounded.
The ogre hits you with a +0 giant spiked club!!
Ouch! That really hurt!
You puncture the ogre!
The ogre is heavily wounded.
The ogre hits you with a +0 giant spiked club!
* * * LOW HITPOINT WARNING * * *
You focus on the pain.
You feel very mighty all of a sudden.
You puncture the ogre!
The ogre is almost dead.
The ogre hits you with a +0 giant spiked club!!
Ouch! That really hurt!
You die...

#)..####...#######........#
###...####................#####
##
###.....................')†..
)# ######.##.###.........#####
.# #.##.# #.........# #.. .#
#.##.# #.........# #.. .#
#.##.###.........# #..
.###########.##..##.........#
#..
.............###@##.........#
#.. ##############
#O##.######### #.. #...)######
#.. ###.......# ... ####>.##.#
#....O...# #.####.### # ...
....#


You could see an ogre.

Vanquished Creatures
  A scorpion (D:4)
  6 adders
  3 dart slugs
  3 orcs (D:4)
  10 ball pythons
  3 bats
  6 endoplasms
  A giant cockroach (D:1)
  4 hobgoblins
  7 jackals
  6 kobolds
  A quokka (D:3)
  A frilled lizard (D:3)
  8 goblins
  3 rats
63 creatures vanquished.

Notes
Turn   | Place    | Note
-------+----------+-------------------------------------------
     0 | D:1      | inmateoo the Demonspawn Fighter began the quest for the
                  | Orb.
     0 | D:1      | Reached XP level 1. HP: 18/18 MP: 1/1
   218 | D:1      | Gained mutation: You sometimes gain a little power by
                  | taking damage. [demonic ancestry]
   218 | D:1      | Reached XP level 2. HP: 20/24 MP: 2/2
   534 | D:1      | Found a faded altar of an unknown god.
  1020 | D:2      | Reached XP level 3. HP: 29/29 MP: 3/3
  1237 | D:2      | Reached XP level 4. HP: 35/35 MP: 4/4
  2236 | D:4      | Noticed a scorpion
  2249 | D:4      | Killed a scorpion
  2250 | D:4      | Gained mutation: You sometimes gain power by taking damage.
                  | [demonic ancestry]
  2250 | D:4      | Reached XP level 5. HP: 42/42 MP: 5/5
  2353 | D:4      | Noticed an ogre
  2376 | D:4      | Mangled by an ogre

Illustrated notes

Levels and vault maps discovered:
D:1:      minmay_arrival_cross, layout_basic, serial_forest,
          infiniplex_forest_straight_2, infiniplex_forest_straight_1,
          infiniplex_forest_straight_3, infiniplex_forest_straight_2,
          infiniplex_forest_clump_small, infiniplex_forest_lined_2,
          infiniplex_forest_lined_3_way, dreamdust_ecumenical_altar_grove,
          dk_noncrumbling_3
D:2:      layout_loops_corners, minmay_snake_closets
D:3:      layout_rooms, grunt_decor_cap
D:4:      layout_basic, kennysheep_small_square

Skill      XL: |  1  2  3  4 |
---------------+-------------+-----
Polearms       | 2 3 |  3.4
Armour         | 3 |  3.4
Shields        | 3 |  3.4
Fighting       | |  3.9

Action                     |  1- 3 |  4- 6 || total
---------------------------+-------+-------++-------
  Melee: Trident           |    91 |    93 ||   184
 Armour: Scale mail        |    48 |    43 ||    91
  Dodge: Dodged            |    29 |    31 ||    60
  Block: Buckler           |    15 |    10 ||    25
